Cogmind - Beta 10.2 @@@ ROGUE MODE // 2021.01.14 @ 21:15:39 Player: blelm Result: Destroyed by D-53 Grenadier with Mini Grenade Launcher Performance ------------- Evolutions (0) 0 Regions Visited (2) 400 Robots Destroyed (7) 35 Value Destroyed (124) 124 Prototype IDs (0) 0 Alien Tech Used (0) 0 Bonus (0) 0 TOTAL SCORE: 559 Bonus ------- None Cogmind --------- Core Integrity 0/250 Matter 284/300 Energy 90/100 System Corruption 0% Temperature Cool (0) Movement Core (200) Ox3 Location -10/Mines Parts ------- > --- POWER (1) -------- (None) > --- PROPULSION (2) --- (None) > --- UTILITY (2) ------ Small Storage Unit Medium Storage Unit > --- WEAPON (2) ------- (None) > --- INVENTORY (10) --- Ion Engine Light Treads Aluminum Leg Aluminum Leg Peak State ------------ > --- POWER ------------ Ion Engine > --- PROPULSION ------- Light Treads Compact Wheel > --- UTILITY ---------- Small Storage Unit Medium Storage Unit > --- WEAPON ----------- Slug Cannon > --- INVENTORY -------- Ion Engine Light Treads Aluminum Leg Aluminum Leg Mining Laser [Rating: 9] Favorites ----------- Power Light Ion Engine Engine Light Ion Engine Propulsion Light Treads Treads Light Treads Leg Aluminum Leg Wheel Compact Wheel Utility Small Storage Unit Storage Small Storage Unit Weapon Mining Laser Energy Gun Medium Laser Ballistic Gun Light Assault Rifle Ballistic Cannon Slug Cannon Special Weapon Mining Laser Build | -11 -10 -10 ------- Run | Scr Mat Min Slots Evolved . | . . . Power . | . . . Propulsion . | . . . Utility . | . . . Weapon . | . . . Parts Attached 8 | 2 2 4 Power 1 | . . 1 Engine 1 | . . 1 Core . | . . . Reactor . | . . . Propulsion 3 | 2 . 1 Treads 2 | 2 . . Leg . | . . . Wheel 1 | . . 1 Hover . | . . . Flight . | . . . Utility 1 | . 1 . Device . | . . . Storage 1 | . 1 . Processor . | . . . Hackware . | . . . Protection . | . . . Artifact . | . . . Weapon 3 | . 1 2 Energy Gun 1 | . 1 . Energy Cannon . | . . . Ballistic Gun . | . . . Ballistic Cannon 1 | . . 1 Launcher . | . . . Special Weapon 1 | . . 1 Impact Weapon . | . . . Slashing Weapon . | . . . Piercing Weapon . | . . . Special Melee Weapon . | . . . Unidentified Prototypes . | . . . Parts Lost 9 | . 4 5 Power 2 | . 1 1 Propulsion 2 | . . 2 Utility . | . . . Weapon 5 | . 3 2 Highest Loss Streak 4 | . 4 3 Average Slot Usage (%) 70 | . 87 62 Engine 6 | . 13 3 Treads 11 | . 28 4 Wheel 9 | . . 14 Storage 25 | . 19 28 Energy Gun 3 | . 13 . Ballistic Gun 4 | . 13 . Ballistic Cannon 2 | . . 3 Special Weapon 6 | . . 8 Naked Turns . | . . . Heaviest Build 24 | 10 18 24 Greatest Support 40 | 40 40 40 Greatest Overweight (x) 4 | . . 4 Average Overweight (x) . | . . . Largest Inventory Capacity 10 | 6 10 10 Average Capacity 8 | 6 7 10 Most Carried 6 | 6 6 5 Average Carried 4 | 5 5 4 Final Capacity 10 | 6 10 10 Final Carried 6 | 6 5 4 Class Distribution -------------------- 100% | Mutant Dominant Class ---------------- Mutant | -10/Materials Mutant | -10/Mines Resources | -11 -10 -10 ----------- Run | Scr Mat Min Matter Collected 272 | 204 11 57 Remotely . | . . . Salvage Created 205 | 91 106 8 Parts 11 | 6 3 2 Haulers Intercepted . | . . . Recyclers Shooed . | . . . Parts Field Recycled . | . . . Retrieved Matter . | . . . Parts Self-Destructed . | . . . Prevented . | . . . Kills | -11 -10 -10 ------- Run | Scr Mat Min Combat Hostiles Destroyed 6 | . 4 2 Guns 4 | . 4 . Cannons 2 | . . 2 Classes Destroyed 5 | 2 2 1 Tunneler 1 | 1 . . Recycler 1 | 1 . . Swarmer 3 | . 3 . Grunt 2 | . 1 1 Assembled 1 | . . 1 Best Kill Streak 3 | 1 3 1 Combat Bots Only 3 | . 3 1 Max Kills in Single Turn 1 | 1 1 1 Gunslinging . | . . . Exploded . | . . . Melee . | . . . Uniques/NPCs Destroyed . | . . . Combat | -11 -10 -10 -------- Run | Scr Mat Min Damage Taken 1209 | . 484 725 Core 256 | . 79 177 Absorbed by Shields . | . . . Core Remaining (%) 100 | 100 . . Volleys Fired 43 | 4 22 17 Largest 2 | 2 2 1 Hottest 100 | 70 70 100 Shots Fired 68 | 8 43 17 Gun 51 | 8 43 . Cannon 10 | . . 10 Launcher . | . . . Special 7 | . . 7 Kinetic 36 | 4 22 10 Thermal 32 | 4 21 7 Explosive . | . . . Electromagnetic . | . . . Robot Hit Streak 7 | 3 7 3 Robot Miss Streak 3 | 1 3 2 Penetration Max . | . . . Secondary Targets 3 | . 3 . Max Gunslinging Chain 1 | . 1 . Shots Hit Robots 38 | 6 27 5 Core Hits 15 | 4 8 3 Critical Hits 1 | . . 1 Critical Kills . | . . . Critical Parts Destroyed 1 | . . 1 Melee Attacks . | . . . Impact . | . . . Slashing . | . . . Piercing . | . . . Sneak Attacks . | . . . Combat Hostiles . | . . . Follow-up Attacks . | . . . Damage Inflicted 498 | 77 268 153 Guns 333 | 68 265 . Cannons 147 | . . 147 Explosions . | . . . Melee . | . . . Ramming 18 | 9 3 6 Kinetic 255 | 18 90 147 Thermal 225 | 50 175 . Explosive . | . . . Electromagnetic . | . . . Impact . | . . . Slashing . | . . . Piercing . | . . . Highest Corruption . | . . . Average Corruption . | . . . Corruption Purged . | . . . Overload Shots . | . . . Overflow Damage . | . . . Projectiles . | . . . Explosions . | . . . Melee . | . . . Knockbacks 2 | . . 2 Impact . | . . . Kinetic 2 | . . 2 Secondary . | . . . Self-Inflicted Damage . | . . . Shots . | . . . Rammed 11 | 7 2 2 Targets Rammed 11 | 7 2 2 Kicked . | . . . Crushed . | . . . Highest Temperature 211 | 50 211 48 Average Temperature 78 | 24 103 19 Received Heat Transfer 258 | . 195 63 Siege Activations . | . . . Robots Corrupted . | . . . Combat Hostiles . | . . . Parts Fried . | . . . Impact Corruptions . | . . . Robots Melted . | . . . Combat Hostiles . | . . . Parts Melted 2 | 1 1 . Heat Transferred 666 | 148 518 . Parts Sabotaged . | . . . Parts Stolen . | . . . Parts Stripped . | . . . Power Chain Reactions . | . . . Missiles Intercepted . | . . . Alert | -11 -10 -10 ------- Run | Scr Mat Min Peak Influence 114 | 10 114 86 Initial 36 | . 6 36 Average 48 | 5 64 47 Maximum Alert Level . | . . . Low Security (%) 100 | 100 100 100 Level 1 . | . . . Level 2 . | . . . Level 3 . | . . . Level 4 . | . . . Level 5 . | . . . High Security . | . . . Max Security . | . . . Squads Dispatched 1 | . 1 . Investigation 1 | . 1 . Extermination . | . . . Reinforcement . | . . . Assault . | . . . Garrison . | . . . Intercept . | . . . Construction Impeded . | . . . Haulers Reinforced . | . . . Stealth | -11 -10 -10 --------- Run | Scr Mat Min Distress Signals . | . . . Communications Jammed . | . . . Distress Signals . | . . . Times Spotted 21 | . 9 12 Peak Tracking Total 6 | . 5 6 Tactical Retreats 3 | . . 3 Traps | -11 -10 -10 ------- Run | Scr Mat Min Traps Triggered 1 | . 1 . Indirectly . | . . . Trap Hack Attempts . | . . . Triggered . | . . . Disarmed . | . . . Reprogrammed . | . . . Reused . | . . . Traps Extracted . | . . . Installed . | . . . Triggered . | . . . Machines | -11 -10 -10 ---------- Run | Scr Mat Min Machines Disabled . | . . . Max in Single Turn . | . . . Machines Sabotaged . | . . . Garrisons Compromised . | . . . Overloaded Fab Kills . | . . . Fab Network Shutdowns . | . . . Hacking | -11 -10 -10 --------- Run | Scr Mat Min Machines Accessed 1 | . 1 . Terminals 1 | . 1 . Fabricators . | . . . Repair Stations . | . . . Recycling Units . | . . . Scanalyzers . | . . . Garrison Access . | . . . Total Hacks 2 | . 2 . Successful 2 | . 2 . Failed . | . . . Catastrophic . | . . . Database Lockouts . | . . . Manual 2 | . 2 . Terminals 2 | . 2 . Fabricators . | . . . Repair Stations . | . . . Recycling Units . | . . . Scanalyzers . | . . . Garrison Access . | . . . Terminal Hacks 2 | . 2 . Part Schematic 1 | . 1 . Robot Analysis 1 | . 1 . Fabricator Hacks . | . . . Repair Station Hacks . | . . . Recycling Unit Hacks . | . . . Scanalyzer . | . . . Garrison Access Hacks . | . . . Unauthorized Hacks . | . . . Terminals . | . . . Fabricators . | . . . Repair Stations . | . . . Recycling Units . | . . . Scanalyzers . | . . . Garrison Access . | . . . Data Cores Recovered . | . . . Used . | . . . Hacking Detections 1 | . 1 . Full Trace Events . | . . . Feedback Events . | . . . Feedback Blocked . | . . . Robot Schematics Acquired . | . . . Robots Built . | . . . Matter . | . . . Time . | . . . Total Robot Build Rating . | . . . Part Schematics Acquired 1 | . 1 . Parts Built . | . . . Matter . | . . . Time . | . . . Total Part Build Rating . | . . . Parts Repaired . | . . . Time . | . . . Parts Recycled . | . . . Recycled Matter . | . . . Retrieved Matter . | . . . Retrieved Components . | . . . Parts Scanalyzed . | . . . Part Schematics Acquired . | . . . Parts Damaged . | . . . Bothacking | -11 -10 -10 ------------ Run | Scr Mat Min Used RIF Installer . | . . . Robots Hacked . | . . . Non-combat . | . . . Combat . | . . . Robot Hacks Applied . | . . . Relay Couplers Released . | . . . Robots Rewired . | . . . Allies Hacked . | . . . Hacks Repelled . | . . . Allies | -11 -10 -10 -------- Run | Scr Mat Min Total Allies . | . . . Largest Group . | . . . Highest-Rated Group . | . . . Highest-Rated Ally . | . . . Total Orders . | . . . Ally Attacks . | . . . Total Damage . | . . . Kills . | . . . Allies Corrupted . | . . . Allies Melted . | . . . Intel | -11 -10 -10 ------- Run | Scr Mat Min Robot Analysis Total 1 | . 1 . Derelict Logs Recovered . | . . . Drone Launches . | . . . Drone Recoveries . | . . . Exploration | -11 -10 -10 ------------- Run | Scr Mat Min Turns Passed 1027 | 93 276 658 Spaces Moved 360 | 31 127 202 Core 2 | . . 2 Treads 161 | 31 127 3 Legs . | . . . Wheels 197 | . . 197 Hover . | . . . Flight . | . . . Fastest Speed 100 | 160 160 100 Average Speed 131 | 160 160 108 Slowest Speed 250 | 160 160 250 Overloaded Moves . | . . . Propulsion Burnouts . | . . . Robots Hopped . | . . . Cave-ins Triggered . | . . . Exploration Rate (%) 22 | 4 27 37 Regions Visited 2 Branch Regions 1 Pre-discovered Areas . | . . . Known Exits Taken . | . . . Unknown Exits Taken 2 | 1 1 . Scrap Searched . | . . . Spaces Dug 7 | . . 7 Terrain Destroyed 9 | . . 9 Melee . | . . . Projectile 9 | . . 9 AOE . | . . . Terrain Rammed . | . . . Walls Destroyed . | . . . Machines Disabled . | . . . Actions | -11 -10 -10 --------- Run | Scr Mat Min Total 830 | 63 160 607 Wait 408 | 18 8 382 Move 358 | 30 126 202 Hop . | . . . Pick Up 1 | 1 . . Fast Attach 3 | . 1 2 Attach 2 | . 1 1 Detach . | . . . Swap 3 | 2 . 1 Drop 1 | 1 . . Fire 43 | 4 22 17 Melee . | . . . Ram . | . . . Kick . | . . . Crush 11 | 7 2 2 Escape Stasis . | . . . Rewire . | . . . Trap . | . . . Miscellaneous . | . . . Route ------- -11/Scrapyard -10/Materials (discovered 2 exits: [*Min x2]) -10/Mines History --------- Turn | Location | Event 4 | -11/Scrapyard | Discovered new exit (range 3) 94 | -11/Scrapyard | Entered Materials 94 | -10/Materials | Discovered new exit (range 14) 311 | -10/Materials | Build established: Mutant 314 | -10/Materials | Discovered new exit (range 8) 370 | -10/Materials | Entered Mines 386 | -10/Mines | Met a Derelict bent on vengeance 395 | -10/Mines | Lost 4 parts (1p3w) 403 | -10/Mines | A weapon hastily lodged in a ceiling crevice suddenly fell to the ground 494 | -10/Mines | Assembled infested the area 502 | -10/Mines | Core integrity fell below 50% 587 | -10/Mines | Core integrity fell below 20% 612 | -10/Mines | Lost 3 parts (1p1n1w) 1028 | -10/Mines | Destroyed by D-53 Grenadier with Mini Grenade Launcher Last Messages --------------- 00494_ ALERT: Infestation in the mines, dispatching Demolisher response squad. 00504_ as-64397 sneak attacks. 00504_ U-05 Engineer system corrupted by crushing effect. 00505_ U-05 Engineer system terminally corrupted. 00521_ Knocked back. 00525_ as-64397 knocked back. 00531_ as-64397 destroyed. 00533_ Acquired 2 matter. 00536_ Slammed into T-07 Excavator. 00556_ R-06 Scavenger collects Carbon-fiber Leg. 00562_ Acquired 49 matter. 00563_ R-06 Scavenger destroyed. 00573_ Lgt. Treads destroyed. 00579_ Slug Cannon destroyed. 00581_ Ion Engine destroyed. 00692_ The unstable cave ceiling collapses. 01024_ Com. Wheel destroyed. 01026_ D-53 Grenadier destroyed. 01026_ Mining Laser destroyed. Map ----- +----------------------------------------------------+ | ??????????????# #????????????? | | ??????????????# ### #????????? | | ??????????????# #????????? | | ????????????### #####????????? | | ??????####### !#????????????? | | ?????## ###????????????? | | ????## #??????????????? | | ???## #####??????????????? | | ???# #??????????????????? | | ??## #??????????????????? | | ??# ###??????????????????? | | ??# #????????????# ??????? | | ?## #???????????# #????? | | ?# #??????????# #???? | | ?# ##?????????# ##??? | | ?# ##????????? ???? | | ?# ##???????? ????? | | ?## #??????## ?????? | | ??# ##?##### ??????? | | ??## ##### ???????? | | ?## ##;### ????????? | | ?# ### #????????? | | ?# ### #????????? | | ?## #??# #????????? | | ?# #???# #????????? | | ?# @ ##????# #?????????? | | ?# #?????# # ##?????????? | | ?## #?????# ###????????### | | ??# #???### #??????### # | | ??# ##??## #????## | | ??###d###### ##### | | ????# # | | ????######## | | ???????????## | | ????????????### | | ??????????????# | | ??????????????##### # | | ???????????????????##### # | | ???????????????????????##### | | ??????????????????????????# | | ?????????????????????????# | | ?????????????????????????# | | ?????????????????????????## | | ??????????????????????????# # | | ??????????????????????????# # | | ??????????????????????????# # | | ??????????????????????????# ? | | ?????????????????????????? ? | | ????????????????????????? ? | | ????????????????????????? """? | +----------------------------------------------------+ Best States ------------- Heat Dissipation 25 Energy Generation 10 Energy Capacity 250 Matter Stores 300 Matter Capacity 300 Sight Range 16 Terrain Scan Density 10 Evasion (%) 40 Recoil Reduction 2 Item Schematics ----------------- Hcp. Storage Unit | -10/Materials | Hacked Robot Schematics ------------------ None Fabricated ------------ Nothing Alien Tech Used ----------------- None Achievements -------------- None Challenges ------------ None Game ------ Seed SingularityStasisRail Manual? 0 Play Time 00:06:56 Cumulative 298.4 hours Start 2021.01.14 @ 21:08:13 End 2021.01.14 @ 21:15:39 Sessions 1 Manual Loads 0 Difficulty Rogue Special Mode None Game No. 151 Rogue 151 Adventurer 0 Explorer 0 Win Type - Total 7 Types 1/4/0/0/0/0/2/0/0 Lore% 79 Gallery% 83 Achievement% 66 Wizard Run 0 Options --------- ASCII 1 Keyboard 1 Movement Vi Keybinds 0 Fullscreen 1 Font 16/Terminus Map View 75x55 Tactical HUD 1 Map Filters NONE Filters NONE Steam 1 RUN: e8d9b5f2-95de-4a57-8be3-1efd741d21fb